 Seeded DCSS version 0.30-a0-140-gd1020e658a (webtiles) character file.

Game seed: 5763865217001412483 (custom seed)

55 purpskrrrp the Ducker (level 3, -2/26 HPs)
             Began as an Octopode Fighter on Sept 24, 2022.
             Killed from afar by an orc wizard (14 damage)
             ... with a puff of flame
             ... on level 3 of the Dungeon.
             The game lasted 00:03:09 (1719 turns).

purpskrrrp the Ducker (Octopode Fighter)            Turns: 1719, Time: 00:03:10

Health: -2/26      AC:  1    Str: 15    XL:     3   Next: 93%
Magic:  3/3        EV: 21    Int: 10    God:
Gold:   191        SH: 10    Dex: 13    Spells: 2/2 levels left

rFire   . . .      SeeInvis .    a - +0 long sword
rCold   . . .      Faith    .    b - +0 buckler
rNeg    + . .      Spirit   .    (helmet restricted)
rPois   .          Reflect  +    g - amulet of reflection
rElec   .          Harm     .    l - +4 ring of evasion
rCorr   .          Rampage  .    m - +4 ring of evasion
Will    .....                    o - ring of positive energy
Stlth   ++........               (no ring)
HPRegen 0.08/turn                (no ring)
MPRegen 0.08/turn                (no ring)
                                 (no ring)
                                 (no ring)

@: no status effects
A: almost no armour, amphibious, 8 rings, camouflage 1, gelatinous body 1,
(nimble swimmer 1), tentacles
a: no special abilities


You were on level 3 of the Dungeon.
You visited 1 branch of the dungeon, and saw 3 of its levels.

You collected 191 gold pieces.

Inventory:

Hand Weapons
 a - a +0 long sword (weapon)
Armour
 b - a +0 buckler (worn)
Jewellery
 g - an amulet of reflection (around mantle)
 l - a +4 ring of evasion (left tentacle)
 m - a +4 ring of evasion (right tentacle)
 o - a ring of positive energy (on tentacle)
Scrolls
 e - a scroll of vulnerability {unknown}
 h - a scroll of enchant weapon {unknown}
 i - a scroll of fear
 n - a scroll of summoning {unknown}
 q - a scroll of identify
Potions
 c - a potion of might
 d - 2 potions of curing
 f - 2 potions of heal wounds
 j - a potion of ambrosia {unknown}
 k - a potion of mutation {unknown}
 p - a potion of magic {unknown}


   Skills:
 + Level 3.4 Fighting
 * Level 2.8 Long Blades
 + Level 3.4 Dodging
 + Level 3.4 Shields


You had 2 spell levels left.
You didn't know any spells.
Your spell library contained the following spells:

 Spells                   Type           Power      Damage    Failure   Level
 Foxfire                  Conj/Fire      0%         2x1d4     45%         1
 Inner Flame              Hex/Fire       0%         N/A       83%         3
 Kindle Blastsparks       Fire/Tloc/Air  0%         2d10      83%         3
 Flame Wave               Conj/Fire      0%         2d4       99%         4
 Arcjolt                  Conj/Air       0%         1d10      100%        5
 Iskenderun's Battlesphe  Conj           0%         2d6       100%        5
 Iron Shot                Conj/Erth      0%         9d1       100%        6
 Spellforged Servitor     Conj/Summ      0%         N/A       100%        7


Dungeon Overview and Level Annotations

Branches:
Dungeon (3/15)

Altars:
Hepliaklqana

Annotations:
D:3 1 transporter, Darkkill's ghost, amateur DsWn


Innate Abilities, Weirdness & Mutations

You cannot wear most types of armour.
You are amphibious.
You can wear up to eight rings at the same time.
Your skin changes colour to match your surroundings (Stealth+).
Your rubbery body absorbs attacks. (AC +1, EV +1)
((You are camouflaged when in or above water. (Stealth+)))
You have tentacles for arms and can constrict up to eight enemies at once.


Message History

You hear some strange, mumbled words.
You are confused.
You are too confused!
You are too confused!
You are too confused!
You are too confused!
You are too confused!
You are too confused!
You are too confused!
You are too confused!
You are too confused!
You are too confused!
You are too confused!
You are too confused!
You are too confused!
You are too confused!
You are too confused!
You are too confused!
Something barely misses you.
Things that are here:
a +0 short sword; an orc corpse You closely miss something.
Your squeeze misses something. Something closely misses you.
You bump into the rock wall.
Something hits you.
You're too confused to move!
Something hits you.
You miss something. Something barely misses you.
You closely miss something.
You feel less confused. Something hits you.
You closely miss the orc. Your grab misses the orc.
The orc completely misses you.
You slash the orc!
You kill the orc!
You miss something. Something hits you. x2
You closely miss something.
You hear some strange, mumbled words.
A puff of flame appears from out of thin air!
The puff of flame hits you!
Ouch! That really hurt!
You die...

#######........#####
#####...##
########...#
...........#
..........##
#########.#
#........#
#########.########
.....o{@..#
###########


You could see an orc.

Vanquished Creatures
  An adder (D:3)
  A worm (D:2)
  A dart slug (D:1)
  3 orcs (D:3)
  3 endoplasms
  2 giant cockroaches
  2 goblins
  6 hobgoblins
  4 jackals (D:1)
  3 ball pythons (D:1)
  3 bats
  2 frilled lizards
  2 kobolds
  A rat (D:1)
34 creatures vanquished.

Notes
Turn   | Place    | Note
-------+----------+-------------------------------------------
     0 | D:1      | purpskrrrp the Octopode Fighter began the quest for the
                  | Orb.
     0 | D:1      | Reached XP level 1. HP: 16/16 MP: 1/1
   324 | D:1      | Reached XP level 2. HP: 18/21 MP: 2/2
   725 | D:1      | Reached XP level 3. HP: 26/26 MP: 3/3
   918 | D:2      | Found a hazy altar of Hepliaklqana.
  1651 | D:3      | Found a transporter.
  1654 | D:3      | Noticed Darkkill's ghost (amateur DsWn)
  1654 | D:3      | Noticed a phantom
  1719 | D:3      | Killed from afar by an orc wizard

Illustrated notes

Levels and vault maps discovered:
D:1:      elethiomel_arrival_maze, layout_rooms
D:2:      layout_basic, basic_altar, serial_aquarium, aquarium_bridge_square
          [aquarium_subvault_wall, aquarium_subvault_bridge,
          aquarium_subvault_wall, aquarium_subvault_bridge],
          aquarium_window_fake, aquarium_window_fake, aquarium_view_2a,
          nicolae_elevator_lobby_plus
D:3:      layout_loops_ring, gammafunk_ghost_mausoleum,
          ebering_ecumenical_altar_abandoned, st_stairs_9,
          chequers_serial_rivers_small_a, grunt_ministairs_15

Action                   || total
-------------------------++-------
Melee: Long sword        ||    62
       Tentacles         ||    14
       Constrict         ||    17
       Punch             ||     2
  Use: Scroll            ||     3
 Stab: Sleeping          ||     7
Armor: Skin              ||     6
Dodge: Dodged            ||    28
Block: Buckler           ||    23

Table legend: (Time is in decaauts)
 A = Elapsed time spent in this place.
 B = Non-inter-level travel time spent in this place.
 C = Inter-level travel time spent in this place.
 D = Time resting spent in this place.
 E = Time spent auto-exploring this place.
 F = Levels seen in this place.
 G = Mean time per level.
                   A        B        C        D        E       F      G
               +--------+--------+--------+--------+--------+-----+--------+
         Total |   1735 |   1698 |     37 |      0 |   1461 |   3 |  578.3 |
       Dungeon |   1735 |   1698 |     37 |      0 |   1461 |   3 |  578.3 |
               +--------+--------+--------+--------+--------+-----+--------+

Top non-repeatable levels by time:
     D:2: 818 daAuts
     D:1: 803 daAuts
     D:3: 113 daAuts
